 Dungeon Crawl Stone Soup version 0.28.0-47-ge53b351184 (webtiles) character file.

Game seed: 4511228560259128181

522 RatsInWalls the Chopper (level 7, 0/37 HPs)
             Began as a Vine Stalker Monk on May 8, 2022.
             Slain by a goblin
             ... wielding a +1 dagger of distortion
             ... led by Robin
              (14 damage)
             ... on level 3 of the Dungeon.
             The game lasted 00:06:49 (3626 turns).

RatsInWalls the Chopper (Vine Stalker Monk)         Turns: 3626, Time: 00:06:49

Health: 0/37       AC:  3    Str: 15    XL:     7   Next: 22%
Magic:  0/8        EV: 13    Int: 10    God:
Gold:   222        SH:  0    Dex: 23    Spells: 6/6 levels left

rFire   . . .      SeeInvis .   s - +8 dagger of a sewer {chaos, rElec rN+ Stlth+}
rCold   . . .      Faith    .   (no shield)
rNeg    + . .      Spirit   +   n - +0 leather armour
rPois   .          Reflect  .   (no helmet)
rElec   +          Harm     .   (no cloak)
rCorr   .          Rampage  .   (no gloves)
Will    .....                   (no boots)
Stlth   ++++......              (no amulet)
HPRegen 0.92/turn               q - +6 ring of dexterity
MPRegen 0.11/turn               (no ring)

@: no status effects
A: fangs 2, regeneration 1, magic shield, antimagic bite, no potion heal 2
a: no special abilities


You were on level 3 of the Dungeon.
You visited 1 branch of the dungeon, and saw 4 of its levels.

You collected 222 gold pieces.

Inventory:

Hand Weapons
 a - the +10 mace "Impbane" {vorpal, rN+}
   (You found it on level 4 of the Dungeon)

   It inflicts extra damage upon your enemies.
   rN:        It protects you from negative energy.
 s - the +8 dagger of a sewer (weapon) {chaos, rElec rN+ Stlth+}
   (You found it on level 4 of the Dungeon)

   Each time it hits an enemy it has a different, random effect.
   rElec:     It insulates you from electricity.
   rN:        It protects you from negative energy.
   Stlth:     It makes you more stealthy.
 w - a +0 war axe
Missiles
 c - 53 stones (quivered)
 f - 2 javelins
Armour
 b - a +0 plate armour
 n - a +0 leather armour (worn)
 o - an orb of mayhem
 p - a +0 ring mail
 v - a +0 scale mail
Jewellery
 q - a +6 ring of dexterity (left hand)
Wands
 z - a wand of polymorph (3)
Scrolls
 d - a scroll of amnesia {unknown}
 e - a scroll of blinking {unknown}
 g - 2 scrolls of fog {unknown}
 m - 4 scrolls of enchant armour {unknown}
 r - a scroll of immolation {unknown}
 t - 2 scrolls of teleportation {unknown}
 x - a scroll of magic mapping {unknown}
 y - a scroll of noise {unknown}
Potions
 h - a potion of haste
 j - 2 potions of lignification
 k - 2 potions of flight
 l - a potion of ambrosia
 u - 2 potions of curing


   Skills:
 + Level 4.0 Fighting
 * Level 5.0 Axes
 + Level 2.3 Armour
 - Level 2.5 Dodging
 + Level 5.0 Stealth


You had 6 spell levels left.
You didn't know any spells.
Your spell library contained the following spells:

 Spells                   Type           Power      Damage    Failure   Level
 Corpse Rot               Necr/Air       0%         N/A       56%         2
 Poisonous Vapours        Pois/Air       0%         N/A       56%         2


Dungeon Overview and Level Annotations

Branches:
Dungeon (4/15)
 Temple: D:4-7

Altars:
Nemelex Xobeh


Innate Abilities, Weirdness & Mutations

You have extremely sharp teeth.
Your natural rate of healing is unusually fast.
When hurt, damage is shared between your health and your magic reserves.
Your bite disrupts and absorbs the magic of your enemies.
Potions cannot restore your health.


Message History

You kill the goblin!
The goblin hits you with a +1 dagger of distortion.
Space warps around you. The goblin barely misses you.
You are too injured to fight recklessly!
You are too injured to fight recklessly!
You are too injured to fight recklessly!
You are too injured to fight recklessly!
You are too injured to fight recklessly!
You hit the goblin.
You kill the goblin!
The goblin hits you with a +1 dagger of distortion.
Space warps horribly around you!
* * * LOW HITPOINT WARNING * * *
You puncture the goblin! Lightning courses through the goblin!!
You kill the goblin!
The goblin misses you.
Your Stealth skill increases to level 5!
The goblin hits you but does no damage.
Items here: ))) †.
There is an open door here.
You miss the goblin. You bite the goblin. You drain its power.
You feel invigorated.
The goblin is heavily wounded.
The goblin hits you with a +0 dagger.
* * * LOW HITPOINT WARNING * * *
You hit the goblin. You freeze the goblin.
You kill the goblin!
You barely miss the goblin. You bite the goblin. You drain its power.
You feel invigorated.
The goblin is heavily wounded.
The goblin hits you with a +1 dagger of distortion.
* * * LOW HITPOINT WARNING * * *
Space warps around you!
* * * LOW HITPOINT WARNING * * *
There is an open door here.
There is an open door here.
You miss the goblin.
The goblin hits you with a +1 dagger of distortion.
Space warps horribly around you!!
You die...

################
#####......##......##
#..g@......''......'.
#g###..)...##......##
###'###......#########
#..g.##......#
#....##......# #####
#....##......# #...#
###'############...#
#)# #........#...#
#)###.......†#...####


You could see 2 goblins.

Vanquished Creatures
  Duvessa (D:4)
  3 bullfrogs (D:4)
  Dowan (D:4)
  An iguana (D:4)
  A hound skeleton (D:4)
  Robin (D:4)
  6 adders
  An ufetubus (D:3)
  An adder skeleton (D:4)
  3 worms
  A dart slug (D:4)
  6 orcs (D:3)
  5 endoplasms
  3 giant cockroaches
  7 goblins
  4 hobgoblins
  3 jackals (D:2)
  3 quokkas
  3 ball pythons
  3 bats
  4 frilled lizards
  6 kobolds
  3 rats
70 creatures vanquished.

Notes
Turn   | Place    | Note
-------+----------+-------------------------------------------
     0 | D:1      | RatsInWalls the Vine Stalker Monk began the quest for the
                  | Orb.
     0 | D:1      | Reached XP level 1. HP: 11/11 MP: 2/2
   739 | D:1      | Found a faded altar of an unknown god.
   885 | D:1      | Reached XP level 2. HP: 16/16 MP: 3/3
  1506 | D:2      | You fall into a shaft and drop 2 floors!
  1521 | D:4      | Reached XP level 3. HP: 19/19 MP: 4/4
  1759 | D:4      | Identified the +8 dagger of a sewer {chaos, rElec rN+
                  | Stlth+}
  1816 | D:4      | Gained mutation: Your natural rate of healing is unusually
                  | fast. [Vine Stalker growth]
  1816 | D:4      | Reached XP level 4. HP: 16/24 MP: 5/5
  1912 | D:4      | Noticed Dowan
  1928 | D:3      | Reached skill level 1 in Armour
  2718 | D:3      | Reached XP level 5. HP: 28/28 MP: 6/6
  3130 | D:4      | Identified the +10 mace "Impbane" {vorpal, rN+}
  3165 | D:4      | Reached XP level 6. HP: 29/32 MP: 5/7
  3448 | D:4      | Found a sparkling altar of Nemelex Xobeh.
  3508 | D:4      | Noticed Duvessa
  3539 | D:4      | Killed Duvessa
  3545 | D:4      | Killed Dowan
  3546 | D:4      | Reached XP level 7. HP: 37/37 MP: 6/8
  3554 | D:4      | Reached skill level 5 in Axes
  3588 | D:4      | Noticed Robin
  3594 | D:4      | Killed Robin
  3612 | D:3      | Reached skill level 5 in Stealth
  3626 | D:3      | Slain by a goblin

Illustrated notes

Levels and vault maps discovered:
D:1:      minmay_arrival_cross, layout_basic, ebering_ecumenical_altar_webs,
          serial_glass, glass_columns_a, glass_columns_c
D:2:      layout_basic, interstate_on_off, minmay_misc_feat_plants
D:3:      layout_basic, kennysheep_generic_room_13
D:4:      layout_cave_pods, general_overflow_altar, uniq_duvessa, uniq_robin

Skill      XL: |  1  2  3  4  5  6  7 |
---------------+----------------------+-----
Axes           | 3 4 5 |  5.0
Stealth        | 3 4 5 |  5.0
Fighting       | 3 4 |  4.0
Armour         | 1 2 |  2.3
Dodging        | |  2.5

Action                   |  1- 3 |  4- 6 |  7- 9 || total
-------------------------+-------+-------+-------++-------
Melee: Hand axe          |    70 |       |       ||    70
       Bite              |    16 |    15 |     3 ||    34
       Dagger            |     4 |    93 |    19 ||   116
       Punch             |       |     1 |       ||     1
Throw: Stone             |     1 |       |       ||     1
  Use: Scroll            |       |     1 |     4 ||     5
       Potion            |       |     1 |       ||     1
 Stab: Sleeping          |     3 |    12 |       ||    15
Armor: Robe              |    13 |       |       ||    13
       Leather armour    |     3 |     7 |    10 ||    20
       Skin              |       |    24 |     4 ||    28
Dodge: Dodged            |    48 |    36 |    10 ||    94
